 Dungeon Crawl Stone Soup version 0.18.1-6-gd335043 (webtiles) character file.

49 Romlok the Stinger (level 4, 0/34 HPs)
             Began as a Formicid Venom Mage on May 18, 2016.
             Succumbed to an adder's poison
             ... on level 1 of the Dungeon.
             The game lasted 00:12:40 (1968 turns).

Romlok the Stinger (Formicid Venom Mage)            Turns: 1968, Time: 00:12:41

Health: 0/34       AC:  3    Str: 13    XL:     4   Next: 2%
Magic:  5/7        EV: 12    Int: 14    God:
Gold:   47         SH:  0    Dex: 12    Spells: 1 memorised, 6 levels left

rFire  . . .     SeeInvis +     f - +0 whip
rCold  . . .     Gourm    .     a - +1 robe
rNeg   . . .     Faith    .     (no shield)
rPois  .         Spirit   .     (helmet unavailable)
rElec  .         Dismiss  .     (no cloak)
rCorr  .         Reflect  .     (no gloves)
SustAt .         Harm     .     (no boots)
MR     .....                    (no amulet)
Stlth  ++........               (no ring)
                                (no ring)

@: lethally poisoned (0 -> -6), very slightly contaminated, not resistant to
hostile enchantments, unstealthy
A: permanent stasis, dig shafts and tunnels, four strong arms, antennae 3
a: Dig, Shaft Self


You were on level 1 of the Dungeon.
You were not hungry.

You visited 1 branch of the dungeon, and saw 2 of its levels.

You collected 47 gold pieces.

Inventory:

Hand Weapons
 f - a +0 whip (weapon)
Missiles
 g - 104 stones (quivered)
Armour
 a - a +1 robe (worn)
Scrolls
 d - 6 scrolls of identify
 e - 3 scrolls of remove curse
Books
 b - a Young Poisoner's Handbook

   Spells                             Type                      Level
   a - Sting                          Conjuration/Poison           1
   b - Cure Poison                    Poison                       2
   c - Mephitic Cloud                 Conjuration/Poison/Air       3
   d - Olgreb's Toxic Radiance        Poison                       4
   e - Venom Bolt                     Conjuration/Poison           5
Comestibles
 c - a bread ration


   Skills:
 + Level 2.9 Fighting
 * Level 1.6 Maces & Flails
 - Level 1.7 Dodging
 - Level 2.4 Stealth
 - Level 2.1 Spellcasting
 - Level 5.3 Poison Magic


You had 6 spell levels left.
You knew the following spells:

 Your Spells              Type           Power        Failure   Level  Hunger
a - Sting                 Conj/Pois      #...         10%         1    #......


Dungeon Overview and Level Annotations

Branches:
Dungeon (2/15)

Altars:


Innate Abilities, Weirdness & Mutations

You are under a permanent stasis effect.
You can dig through walls and to a lower floor.
Your four strong arms can wield two-handed weapons with a shield.
You have a pair of large antennae on your head (SInv).


Message History

Aim: an adder The sting hits the adder.
The adder is poisoned.
The adder is moderately wounded.
You feel sick. The adder bites you.
* * * LOW HITPOINT WARNING * * *
You are lethally poisoned!
The adder poisons you! The adder closely misses you.
You are too injured to fight recklessly!
Casting: Sting
Confirm with . or Enter, or press ? or * to list all spells.
Aiming: Sting
Press: ? - help, Shift-Dir - straight line, f/p - adder
Aim: an adder (heavily wounded, poisoned)
You miscast Sting.
You are very lightly contaminated with residual magic.
You feel sick. The adder bites you.
* * * LOW HITPOINT WARNING * * *
You hit the adder.
The adder is almost dead.
You die...

#.# #..........#
#)# #..........#
#.# #..........#
#.# #..........#
###.######......##
#.....# ##..#....
#.....# ##.......
#.....# ##........
#@....###.........
#.S...............
#.....###.........
#.....# #......[.[
#...>.# #.........
#.....# ##........
#.....# ##.......
####### ########


You could see an adder.

Vanquished Creatures
  2 adders (D:2)
  3 bats
  3 hobgoblins
  8 jackals (D:1)
  2 giant newts
  4 goblins
  5 kobolds
  3 rats
30 creatures vanquished.

Notes
Turn   | Place    | Note
--------------------------------------------------------------
     0 | D:1      | Romlok the Formicid Venom Mage began the quest for the Orb.
     0 | D:1      | Reached XP level 1. HP: 13/13 MP: 3/3
   127 | D:1      | Reached skill level 1 in Fighting
   221 | D:1      | Reached XP level 2. HP: 20/22 MP: 0/5
   632 | D:1      | Reached XP level 3. HP: 28/28 MP: 2/6
   919 | D:2      | Noticed a giant frog
  1066 | D:2      | Reached skill level 1 in Maces & Flails
  1525 | D:2      | Reached XP level 4. HP: 13/34 MP: 1/7
  1967 | D:1      | HP: 1/34 [adder (4)]
  1968 | D:1      | Succumbed to an adder's poison

Skill      XL: |  1  2  3 |
---------------+----------+-----
Fighting       | 1 2 |  2.9
Maces & Flails | 1 |  1.6
Dodging        | |  1.7
Stealth        | |  2.4
Spellcasting   | |  2.1
Poison Magic   | |  5.3

Action                   |  1- 3 |  4- 6 || total
-------------------------+-------+-------++-------
Melee: Unarmed           |     9 |       ||     9
       Dagger            |    27 |       ||    27
       Club              |    27 |     2 ||    29
       Whip              |       |     2 ||     2
 Cast: Sting             |    42 |     2 ||    44
  Use: Potion            |     1 |       ||     1
       Scroll            |     2 |       ||     2
 Stab: Sleeping          |     6 |     1 ||     7
  Eat: Chunk             |     3 |     1 ||     4
Armor: Robe              |    13 |     3 ||    16
Dodge: Dodged            |    56 |     8 ||    64
